 Dungeon Crawl Stone Soup version 0.26-b1-32-g5d43845318 (webtiles) character file.

Game seed: 8703970260348758206

3047 diana the Ruffian (level 9, -2/86 (89) HPs)
             Began as a Troll Monk on Jan 9, 2021.
             Slain by a two-headed ogre
             ... wielding a +0 dire flail
              (11 damage)
             ... on level 8 of the Dungeon.
             The game lasted 00:14:14 (5952 turns).

diana the Ruffian (Troll Monk)                      Turns: 5952, Time: 00:14:15

HP:   -2/86 (89)    AC:  6    Str: 23    XL:     9   Next: 56%
MP:   8/8           EV: 12    Int:  7    God:
Gold: 395           SH:  0    Dex: 12    Spells: 8/8 levels left

rFire    . . .     SeeInvis +     - Unarmed
rCold    . . .     Faith    .   (no shield)
rNeg     . . .     Spirit   .   a - +0 robe
rPois    +         Reflect  .   (helmet restricted)
rElec    .         Harm     .   (no cloak)
rCorr    .         Rampage  .   (gloves unavailable)
Will     .....                  (boots unavailable)
Stlth    ++........             (no amulet)
HPRegen  0.64/turn              n - ring of poison resistance
MPRegen  0.11/turn              i - ring of see invisible

@: attractive, lightly drained
A: large, unfitting armour, claws 3, regeneration 1, shaggy fur 1, tough skin 3
a: no special abilities


You were on level 8 of the Dungeon.
You visited 1 branch of the dungeon, and saw 8 of its levels.

You collected 395 gold pieces.

Inventory:

Missiles
 p - a throwing net (quivered)
Armour
 a - a +0 robe (worn)
Jewellery
 e - an uncursed ring of wizardry
 i - a ring of see invisible (right claw)
 n - a ring of poison resistance (left claw)
 v - an uncursed ring of wizardry
 x - a +4 ring of evasion {unknown}
 y - an uncursed ring of resist corrosion {unknown}
 A - a +6 ring of dexterity {unknown}
Wands
 h - a wand of digging (5)
 k - a wand of polymorph (9)
 t - a wand of flame (15)
Scrolls
 b - 10 scrolls of identify {unknown}
 d - 5 scrolls of remove curse {unknown}
 g - 2 scrolls of fear {unknown}
 j - 2 scrolls of random uselessness {unknown}
 m - a scroll of fog {unknown}
 o - a scroll of noise {unknown}
 q - 3 scrolls of teleportation {unknown}
 u - 2 scrolls of enchant armour {unknown}
 z - a scroll of magic mapping {unknown}
 B - a scroll of enchant weapon {unknown}
Potions
 c - 2 potions of might {unknown}
 f - 3 potions of attraction
 l - a potion of mutation {unknown}
 r - a potion of resistance {unknown}
 s - 4 potions of haste {unknown}
 w - a potion of heal wounds {unknown}


   Skills:
 + Level 5.9 Fighting
 - Level 5.0 Armour
 + Level 6.1 Dodging
 - Level 2.0 Stealth
 + Level 7.4 Unarmed Combat


You had 8 spell levels left.
You didn't know any spells.
Your spell library contained the following spells:

 Spells                   Type           Power        Failure   Level
 Confusing Touch          Hex            0%           80%         3
 Gell's Gravitas          Tloc           0%           80%         3
 Petrify                  Tmut/Erth      0%           99%         4
 Metabolic Englaciation   Hex/Ice        0%           100%        5
 Yara's Violent Unravell  Hex/Tmut       0%           100%        5


Dungeon Overview and Level Annotations

Branches:
Dungeon (8/15)             Temple (0/1) D:4
   Lair: D:8-11

Altars:
Wu Jian

Annotations:
D:6 3 runed translucent doors, MisterFreud's ghost, novice GnDe


Innate Abilities, Weirdness & Mutations

You are too large for most types of armour.
You have claws for hands.
Your natural rate of healing is unusually fast.
You are covered in fur. (AC +1)
You have extremely tough skin. (AC +3)


Message History

* * * LOW HITPOINT WARNING * * *
The quokka zombie bites you.
* * * LOW HITPOINT WARNING * * *
The howler monkey hoots and howls with incredible vigour! x2
The orc wizard casts a spell.
The orc wizard seems to speed up.
It was a potion of attraction.
You feel attractive to monsters. The howler monkey hits you.
* * * LOW HITPOINT WARNING * * *
The wight hits you with a +0 spear.
* * * LOW HITPOINT WARNING * * *
You feel drained.
* * * LOW HITPOINT WARNING * * *
The ice beast hits you.
* * * LOW HITPOINT WARNING * * *
The ice beast freezes you.
* * * LOW HITPOINT WARNING * * *
The two-headed ogre hits you with a +0 dire flail!
You die...

.......Z....#....
##..$#..###....##...
##....#...#......#...
##.....##.....#.......
#..............$#.....
.............#.......
..............#.....
###ZY.......#.......
###.O@zo........#..#..
#...oho.......#...##.. ###
###.h[.##.......#..... ##.##
##.<.##.#...#...o.<. #...#
##...#..#...hZ#.h(.รท
#...####..........)#h..(...
#....#..................(..
##.....##...............##..
##......#...............$#...


You could see a two-headed ogre, an ice beast, 2 howler monkeys, a wight, an orc
priest, an orc wizard (fast), an orc and a quokka zombie.

Vanquished Creatures
  A wyvern (D:7)
  A water moccasin (D:6)
  2 hornet zombies
  An orc warrior (D:7)
  4 phantoms
  An ice beast (D:5)
  An ogre (D:5)
  4 black bears
  3 centaurs
  A gnoll sergeant (D:7)
  3 howler monkeys
  3 wights (D:7)
  A bullfrog zombie (D:5)
  2 hounds
  8 orc priests
  2 jellies
  A centaur skeleton (D:5)
  2 bullfrog skeletons
  Terence (D:2)
  2 iguanas
  4 orc wizards
  2 worker ants
  2 hound skeletons
  Robin (D:4)
  A worker ant zombie (D:8)
  9 gnolls
  10 adders
  2 white imps
  An ufetubus (D:6)
  An ooze (D:7)
  An adder skeleton (D:6)
  A worm (D:2)
  2 dart slugs
  4 leopard geckos
  18 orcs
  5 ball pythons
  4 giant cockroaches
  18 goblins
  9 hobgoblins
  12 jackals
  5 quokkas
  4 bats
  6 frilled lizards
  5 kobolds
  A leopard gecko zombie (D:6)
  A quokka skeleton (D:4)
  11 rats
184 creatures vanquished.

Notes
Turn   | Place    | Note
-------+----------+-------------------------------------------
     0 | D:1      | diana the Troll Monk began the quest for the Orb.
     0 | D:1      | Reached XP level 1. HP: 22/22 MP: 0/0
   128 | D:1      | Reached XP level 2. HP: 29/29 MP: 1/1
   309 | D:1      | Reached XP level 3. HP: 35/36 MP: 2/2
   709 | D:2      | Noticed Terence
   724 | D:2      | Killed Terence
   892 | D:2      | Reached XP level 4. HP: 35/44 MP: 3/3
  1043 | D:2      | Reached skill level 4 in Unarmed Combat
  1392 | D:3      | Reached XP level 5. HP: 40/53 MP: 4/4
  1625 | D:3      | Reached skill level 1 in Armour
  1625 | D:3      | Reached XP level 6. HP: 19/61 MP: 5/5
  1736 | D:3      | Found a faded altar of an unknown god.
  1915 | D:4      | Found an ornate altar of the Wu Jian Council.
  2151 | D:4      | Noticed Robin
  2186 | D:4      | Killed Robin
  2193 | D:4      | Reached XP level 7. HP: 55/67 MP: 6/6
  2462 | D:4      | Found a staircase to the Ecumenical Temple.
  2522 | D:5      | Entered Level 5 of the Dungeon
  2597 | D:5      | Reached skill level 5 in Unarmed Combat
  3480 | D:5      | Reached XP level 8. HP: 77/78 MP: 7/7
  4026 | D:6      | Reached skill level 6 in Unarmed Combat
  4241 | D:6      | Reached skill level 5 in Dodging
  4479 | D:6      | Found a runed translucent gate.
  4480 | D:6      | Found a runed translucent gate.
  4480 | D:6      | Found a runed translucent gate.
  4481 | D:6      | Noticed MisterFreud's ghost (novice GnDe)
  4648 | D:7      | Reached skill level 5 in Fighting
  4784 | D:7      | Reached XP level 9. HP: 52/88 MP: 8/8
  5395 | D:7      | Reached skill level 7 in Unarmed Combat
  5489 | D:8      | Noticed a two-headed ogre
  5877 | D:7      | Reached skill level 5 in Armour
  5952 | D:8      | Slain by a two-headed ogre

Illustrated notes

Levels and vault maps discovered:
D:1:      saegor_arrival_simple_d, layout_loops_ring
D:2:      layout_rooms, uniq_terence
D:3:      layout_loops_ring, chequers_ecumenical_altar_grove
D:4:      layout_cave_pools, nzn_wu_jian_contemplation, temple_hall, uniq_robin
D:5:      minmay_diamond_boxcup, layout_loops_corners
D:6:      layout_loops_corners, ebering_ghost_rock_garden
D:7:      layout_basic
D:8:      layout_cave_pools, minmay_misc_feat_pillars

Skill      XL: |  1  2  3  4  5  6  7  8  9 |
---------------+----------------------------+-----
Dodging        | 3 4 5 6 |  6.1
Unarmed Combat | 4 5 6 7 |  7.4
Fighting       | 3 4 5 |  5.9
Armour         | 1 2 4 5 |  5.0
Stealth        | 2 |  2.0

Action                   |  1- 3 |  4- 6 |  7- 9 || total
-------------------------+-------+-------+-------++-------
Melee: Unarmed           |    89 |   135 |   298 ||   522
       Punch             |     1 |     4 |     9 ||    14
  Use: Potion            |       |       |     1 ||     1
 Stab: Sleeping          |     2 |     2 |     8 ||    12
Armor: Robe              |    23 |    37 |    82 ||   142
Dodge: Dodged            |    47 |    88 |   183 ||   318
